Map: Acolyte LE

Players

herO

  • Race: Protoss Protoss
  • Spawn Location: 1:00

Rogue - Winner!

  • Race: Zerg Zerg
  • Spawn Location: 7:00

Event: 2017 WCS Global Finals

VOD

Have the link to the VOD?

Description

Time

  • Played on: Nov. 3, 2017, 7:06 p.m.
  • Length: 27:50

All games in this series

Show
View Real Time Build Order
Export as new Build Order

herO Protoss 

Build Orders: 1 Gate Expand, Oracle Opening, Carriers 

Get SALT Encoding   

  12  0:01  Probe (Chrono Boost)  
  13  0:11  Probe (Chrono Boost)  
  14  0:18  Pylon  
  14  0:22  Probe (Chrono Boost)  
  15  0:37  Probe (Chrono Boost)  
  15  0:41  Gateway  
  16  0:47  Probe (Chrono Boost)  
  16  0:49  Assimilator  
  17  0:58  Probe (Chrono Boost)  
  18  1:08  Probe (Chrono Boost)  
  19  1:22  Nexus  
  19  1:25  Probe (Chrono Boost)  
  20  1:36  Cybernetics Core  
  20  1:38  Probe (Chrono Boost)  
  21  1:43  Assimilator  
  21  1:49  Probe (Chrono Boost)  
  21  1:54  Pylon  
  22  1:59  Probe (Chrono Boost)  
  23  2:12  Adept (Chrono Boost), Probe (Chrono Boost)  
  26  2:24  Probe  
  26  2:25  Stargate  
  27  2:33  Warp Gate, Probe  
  30  2:37  Adept (Chrono Boost)  
  30  2:38  Probe  
  31  2:44  Probe  
  31  2:50  Probe (Chrono Boost)  
  33  2:55  Probe (Chrono Boost)  
  34  3:02  Probe (Chrono Boost)  
  35  3:05  Probe (Chrono Boost)  
  35  3:08  Void Ray (Chrono Boost)  
  40  3:14  Probe  
  40  3:15  Probe  
  42  3:23  Pylon  
  42  3:26  Probe  
  42  3:27  Probe  
  44  3:37  Probe  
  44  3:39  Probe  
  44  3:41  Nexus  
  49  3:48  Oracle (Chrono Boost)  
  49  3:49  Probe  
  49  3:51  Probe  
  47  3:59  Assimilator x2  
  47  4:03  Pylon  
  47  4:04  Pylon  
  47  4:05  Probe, Pylon  
  47  4:08  Probe (Chrono Boost)  
  49  4:17  Probe (Chrono Boost)  
  49  4:20  Probe (Chrono Boost)  
  51  4:28  Stargate  
  51  4:29  Stargate  
  51  4:30  Probe (Chrono Boost)  
  51  4:31  Probe (Chrono Boost)  
  53  4:35  Pylon  
  53  4:39  Probe (Chrono Boost)  
  53  4:41  Probe (Chrono Boost)  
  53  4:42  Oracle (Chrono Boost), Assimilator  
  58  4:47  Assimilator  
  58  4:50  Pylon  
  58  4:56  Probe  
  58  4:57  Adept  
  58  4:58  Probe  
  62  5:03  Probe  
  63  5:10  Probe  
  63  5:13  Oracle (Chrono Boost)  
  67  5:15  Oracle (Chrono Boost), Probe  
  67  5:20  Probe  
  72  5:22  Probe  
  72  5:27  Probe  
  74  5:31  Oracle (Chrono Boost)  
  74  5:32  Probe  
  74  5:34  Probe  
  79  5:39  Probe  
  79  5:41  Pylon  
  80  5:44  Probe  
  80  5:45  Oracle (Chrono Boost)  
  80  5:46  Probe  
  80  5:47  Oracle (Chrono Boost)  
  88  5:51  Probe  
  88  5:54  Pylon  
  88  5:56  Probe  
  90  5:58  Probe  
  90  6:02  Oracle (Chrono Boost)  
  90  6:03  Probe  
  95  6:07  Forge  
  95  6:08  Forge, Pylon  
  95  6:17  Oracle (Chrono Boost)  
  98  6:18  Oracle (Chrono Boost)  
  98  6:19  Gateway, Probe x2  
  98  6:20  Gateway, Probe  
  98  6:21  Gateway  
  98  6:25  Zealot, Pylon  
  106  6:28  Pylon  
  106  6:32  Mothership Core, Pylon  
  108  6:44  Probe x2  
  108  6:46  Zealot  
  112  6:53  Probe  
  113  6:55  Oracle (Chrono Boost)  
  113  7:00  Fleet Beacon  
  111  7:12  Pylon  
  111  7:13  Nexus  
  111  7:15  Nexus  
  111  7:17  Pylon  
  120  7:31  Nexus  
  120  7:35  Mothership  
  120  7:37  Forge  
  120  7:38  Pylon  
  120  7:42  Assimilator x2  
  120  7:44  Carrier x2 (Chrono Boost)  
  114  7:45  Protoss Air Weapons Level 1 (Chrono Boost), Carrier (Chrono Boost)  
  114  7:46  Assimilator x2  
  114  7:48  Pylon  
  129  7:52  Graviton Catapult  
  129  7:56  Zealot  
  131  8:01  Stalker  
  131  8:02  Zealot  
  135  8:12  Photon Cannon  
  132  8:19  Photon Cannon  
  138  8:20  Protoss Shields Level 1 (Chrono Boost)  
  138  8:21  Photon Cannon  
  138  8:24  Photon Cannon  
  138  8:31  Photon Cannon  
  138  8:33  Photon Cannon  
  138  8:44  Probe  
  138  8:47  Carrier x2  
  139  8:53  Photon Cannon  
  139  8:54  Carrier  
  139  8:55  Pylon  
  139  8:56  Probe  
  139  8:58  Stargate  
  152  9:08  Probe x2  
  160  9:20  Probe x2  
  160  9:29  Photon Cannon, Stargate  
  160  9:30  Photon Cannon  
  160  9:31  Protoss Air Weapons Level 2  
  160  9:32  Probe  
  160  9:33  Photon Cannon, Probe  
  162  9:46  Photon Cannon  
  162  9:47  Photon Cannon  
  162  9:53  Cybernetics Core  
  162  9:55  Robotics Facility  
  162  9:58  Probe  
  163  10:00  Photon Cannon  
  163  10:04  Pylon  
  163  10:11  Carrier x2  
  151  10:17  Zealot x4  
  155  10:38  Zealot x4  
  161  10:43  Void Ray  
  161  10:47  Photon Cannon  
  161  10:48  Pylon  
  161  10:49  Void Ray  
  155  11:01  Photon Cannon  
  155  11:03  Photon Cannon  
  155  11:15  Carrier  
  146  11:22  Carrier  
  152  11:30  Observer  
  152  11:31  Probe  
  152  11:32  Probe x2  
  162  11:36  Protoss Air Weapons Level 3  
  162  11:38  Twilight Council  
  162  11:39  Zealot, Forge  
  162  11:41  Forge  
  162  11:47  Probe  
  162  11:49  Photon Cannon  
  162  11:51  Photon Cannon, Observer  
  164  11:54  Protoss Air Armor Level 1  
  164  11:59  Probe  
  165  12:04  Carrier x2  
  165  12:11  Probe  
  166  12:17  Carrier (Chrono Boost)  
  182  12:22  Observer  
  182  12:28  Zealot x4  
  181  12:30  Charge  
  181  12:36  Protoss Shields Level 2 (Chrono Boost)  
  181  12:37  Protoss Ground Armor Level 1 (Chrono Boost), Protoss Ground Weapons Level 1 (Chrono Boost)  
  172  12:45  Probe x4  
  172  12:46  Void Ray, Probe  
  172  12:50  Observer  
  178  12:52  Void Ray  
  178  12:57  Photon Cannon  
  186  12:58  Probe x2  
  186  12:59  Probe  
  189  13:08  Photon Cannon  
  189  13:09  Pylon  
  189  13:11  Zealot  
  191  13:28  Void Ray (Chrono Boost)  
  191  13:29  Void Ray (Chrono Boost)  
  197  13:42  Zealot, Pylon  
  199  14:29  Protoss Ground Weapons Level 2, Protoss Ground Armor Level 2  
  199  14:36  Pylon  
  199  14:39  Gateway  
  199  14:40  Templar Archives  
  199  14:41  Gateway  
  199  14:43  Gateway  
  199  14:44  Gateway  
  196  14:58  Protoss Air Armor Level 2  
  196  14:59  Protoss Shields Level 3 (Chrono Boost)  
  196  15:08  Gateway  
  196  15:10  Gateway  
  196  15:11  Gateway  
  196  15:13  Gateway  
  196  15:15  Gateway  
  196  15:16  Pylon  
  196  15:17  Gateway  
  196  15:20  Gateway  
  196  15:29  Zealot  
  186  16:08  Observer  
  187  16:12  Blink  
  187  16:15  Dark Shrine  
  181  16:39  Photon Cannon x2  
  175  16:41  Photon Cannon  
  175  16:42  Observer  
  175  16:43  Photon Cannon  
  175  16:45  Photon Cannon  
  175  16:46  Zealot  
  175  16:47  Zealot x5, Assimilator  
  180  16:49  Assimilator  
  188  16:58  Zealot x2  
  190  17:05  Oracle  
  190  17:06  Nexus  
  190  17:10  Photon Cannon  
  190  17:11  Photon Cannon  
  190  17:12  Photon Cannon  
  190  17:15  Pylon  
  193  17:31  Nexus  
  193  17:34  Pylon  
  193  17:42  Pylon  
  193  17:44  Protoss Air Armor Level 3  
  193  17:53  Protoss Ground Weapons Level 3 (Chrono Boost), Protoss Ground Armor Level 3 (Chrono Boost)  
  193  18:02  Photon Cannon  
  193  18:03  Photon Cannon  
  193  18:05  Photon Cannon  
  193  18:07  Photon Cannon  
  193  18:09  Photon Cannon  
  193  18:10  Photon Cannon  
  193  18:12  Photon Cannon  
  191  18:13  Void Ray (Chrono Boost)  
  191  18:15  Assimilator  
  191  18:16  Void Ray (Chrono Boost)  
  199  18:20  Assimilator  
  199  18:23  Photon Cannon  
  199  18:24  Void Ray (Chrono Boost)  
  191  18:30  Photon Cannon  
  191  18:32  Pylon  
  187  18:36  Void Ray (Chrono Boost)  
  191  18:41  Dark Templar  
  178  19:00  Void Ray x2 (Chrono Boost)  
  186  19:17  High Templar x2  
  186  19:18  High Templar x2, Zealot x3  
  186  19:22  Archon  
  186  19:23  Archon  
  200  19:27  Shadow Stride, Psionic Storm  
  198  19:43  Dark Templar  
  198  19:59  Pylon  
  198  20:09  Pylon  
  198  20:11  Pylon  
  198  20:28  Photon Cannon x2  
  196  20:39  High Templar x2  
  200  20:50  Photon Cannon x2, Gateway  
  200  20:58  Nexus  
  200  21:03  Assimilator  
  200  21:07  Assimilator  
  200  21:09  Photon Cannon  
  200  21:13  Pylon  
  186  21:32  Zealot x7  
  177  22:18  Zealot x12  
  196  22:23  Zealot x2  
  200  22:31  Mothership  
  200  22:33  Mothership Core  
  171  23:04  High Templar x15  
  177  23:10  Archon x2  
  177  23:11  Archon x4  
  177  23:12  Archon  
  131  23:32  Immortal (Chrono Boost)  
  125  23:40  Stalker x2, Zealot  
  125  23:41  Zealot x6, Stalker  
  137  23:42  Stalker x4  
  137  23:43  Stalker  
  153  24:02  Dark Templar  
  153  24:03  Dark Templar x8  
  153  24:05  Dark Templar  
  153  24:06  Dark Templar x5  
  153  24:08  Archon  
  153  24:09  Archon x3  
  183  24:10  Archon x3  
  183  24:12  Immortal (Chrono Boost)  
  183  24:13  Robotics Facility  
  183  24:15  Robotics Facility  
  152  24:40  High Templar  
  152  24:41  High Templar x5  
  152  24:42  High Templar x4  
  148  24:50  Immortal (Chrono Boost)  
  148  24:52  Probe  
  131  25:03  Oracle, Immortal x2 (Chrono Boost), Probe  
  140  25:10  Dark Templar x2  
  140  25:11  Dark Templar x3  
  140  25:13  Sentry x2  
  140  25:14  Dark Templar x5  
  161  25:15  Dark Templar x3  
  161  25:16  Archon  
  161  25:17  Archon  
  161  25:18  Archon x2  
  161  25:19  Archon x2  
  161  25:20  Probe  
  161  25:21  Probe x4  
  177  25:25  Immortal (Chrono Boost)  
  182  25:38  Immortal x2 (Chrono Boost)  
  186  26:06  Dark Templar x4  
  186  26:09  Zealot x3  
  186  26:10  Archon x2  
  133  26:47  Observer (Chrono Boost)  
  122  26:51  Stalker x8  
  122  26:52  Stalker  
  130  26:57  Stalker x2  
  118  27:06  Observer (Chrono Boost)  
Show
View Real Time Build Order
Export as new Build Order

Rogue Zerg - Winner!

Build Orders: 3 Hatch before Pool 

Get SALT Encoding   

  12  0:00  Drone  
  13  0:12  Overlord  
  13  0:16  Drone  
  14  0:31  Drone x2  
  14  0:35  Drone  
  17  0:52  Hatchery  
  17  0:54  Drone  
  17  1:04  Drone  
  18  1:17  Hatchery  
  17  1:21  Drone  
  17  1:23  Drone  
  19  1:35  Extractor  
  18  1:40  Spawning Pool  
  18  1:44  Drone  
  18  1:45  Drone  
  19  1:50  Drone  
  20  2:00  Drone  
  21  2:13  Drone  
  21  2:14  Drone  
  23  2:17  Drone  
  24  2:26  Queen x2  
  28  2:34  Metabolic Boost  
  28  2:35  Queen  
  30  2:39  Zergling x2  
  30  2:41  Zergling x2  
  32  2:45  Overlord  
  32  2:48  Drone  
  32  2:51  Zergling x2  
  34  2:54  Overlord  
  34  3:05  Drone x4  
  37  3:06  Drone  
  37  3:09  Zergling x2  
  40  3:14  Zergling x4  
  40  3:18  Overlord  
  41  3:26  Drone x3  
  44  3:29  Drone  
  44  3:33  Drone  
  46  3:37  Drone x5  
  46  3:39  Overlord  
  51  3:43  Drone  
  51  3:44  Drone  
  51  3:48  Drone  
  54  3:52  Drone x2  
  54  3:56  Overlord  
  54  4:01  Drone x2  
  54  4:02  Drone  
  57  4:08  Overlord  
  57  4:10  Lair  
  57  4:12  Extractor  
  57  4:13  Extractor, Drone  
  57  4:14  Spore Crawler, Drone  
  57  4:15  Spore Crawler  
  57  4:16  Spore Crawler  
  54  4:18  Drone  
  55  4:24  Drone  
  55  4:25  Drone x4  
  55  4:28  Drone  
  62  4:31  Drone x3  
  62  4:34  Extractor  
  62  4:36  Drone x3  
  66  4:40  Zergling x6  
  66  4:43  Queen  
  70  4:46  Extractor  
  70  4:47  Overlord  
  70  4:51  Drone x4  
  73  4:57  Drone  
  73  5:01  Evolution Chamber  
  73  5:04  Overlord, Drone  
  73  5:10  Overseer  
  73  5:11  Hydralisk Den  
  72  5:16  Extractor, Drone x2  
  72  5:18  Drone  
  72  5:19  Overlord, Drone  
  72  5:20  Overlord  
  75  5:22  Overlord  
  75  5:24  Overlord  
  75  5:30  Overlord  
  75  5:31  Zerg Missile Weapons Level 1  
  75  5:42  Muscular Augments, Hydralisk x7  
  75  5:44  Hydralisk  
  75  5:48  Hydralisk  
  91  5:56  Drone x6  
  91  5:57  Drone  
  98  6:05  Spore Crawler x2  
  98  6:07  Pneumatized Carapace  
  98  6:08  Drone x3  
  99  6:12  Infestation Pit  
  99  6:13  Spore Crawler  
  99  6:17  Overlord  
  97  6:20  Drone x2  
  99  6:27  Spore Crawler, Hydralisk x4  
  106  6:33  Drone  
  106  6:35  Overseer  
  106  6:36  Spore Crawler  
  106  6:45  Hydralisk  
  106  6:46  Hydralisk x5  
  118  6:51  Spore Crawler x2  
  118  6:53  Infestor x2  
  120  6:59  Drone  
  120  7:03  Burrow  
  120  7:04  Overlord  
  120  7:07  Infestor  
  122  7:09  Drone x2  
  122  7:17  Overlord  
  122  7:22  Hatchery  
  121  7:27  Infestor  
  121  7:28  Infestor  
  121  7:29  Drone  
  126  7:30  Drone  
  126  7:31  Overlord  
  126  7:32  Drone, Hatchery  
  126  7:33  Spore Crawler  
  126  7:34  Spore Crawler, Drone x2  
  126  7:35  Overseer  
  127  7:40  Zerg Missile Weapons Level 2  
  127  7:43  Baneling Nest  
  126  7:45  Hydralisk x2  
  126  7:49  Drone  
  131  7:58  Spore Crawler  
  130  8:01  Drone x5  
  130  8:02  Drone x7  
  141  8:10  Overlord  
  141  8:14  Drone x3  
  141  8:15  Overlord  
  141  8:16  Drone  
  141  8:17  Overlord  
  141  8:18  Hive  
  145  8:24  Extractor  
  145  8:25  Extractor  
  145  8:26  Zergling x4  
  145  8:30  Zergling x2  
  145  8:31  Zergling x12  
  152  8:35  Queen  
  152  8:38  Spore Crawler  
  153  8:41  Spore Crawler  
  153  8:42  Spore Crawler  
  153  8:45  Overseer  
  151  8:49  Drone x2  
  153  8:56  Evolution Chamber  
  153  8:57  Overlord  
  153  8:59  Zergling x28  
  165  9:03  Overlord  
  165  9:06  Overlord  
  165  9:09  Drone x2  
  166  9:11  Zergling x10  
  170  9:25  Overseer  
  170  9:26  Hydralisk x7  
  184  9:31  Ultralisk Cavern  
  184  9:32  Adrenal Glands  
  184  9:34  Zerg Melee Weapons Level 1  
  183  9:40  Centrifical Hooks  
  183  9:42  Drone x2  
  185  9:51  Overlord x2  
  185  9:52  Overlord x2  
  185  9:57  Hatchery  
  184  10:01  Zerg Ground Armor Level 1  
  184  10:09  Queen  
  186  10:20  Zergling x26  
  192  10:32  Chitinous Plating  
  187  10:41  Hydralisk x4  
  187  10:42  Hydralisk x5  
  198  10:48  Overlord  
  196  10:50  Overlord  
  196  10:59  Overlord  
  196  11:03  Spire  
  196  11:04  Spire  
  194  11:05  Drone  
  194  11:06  Drone x3  
  194  11:07  Drone x2  
  185  11:18  Infestor x5  
  185  11:19  Infestor  
  185  11:21  Spore Crawler  
  185  11:22  Spore Crawler  
  185  11:23  Spore Crawler x2  
  185  11:25  Spore Crawler x3  
  180  11:26  Spore Crawler  
  180  11:27  Spore Crawler  
  180  11:30  Overseer x3  
  180  11:31  Overseer  
  173  11:35  Infestor x7  
  173  11:39  Spore Crawler, Drone x3  
  185  11:47  Baneling  
  185  11:58  Spore Crawler x3  
  185  11:59  Neural Parasite  
  182  12:07  Drone x2  
  182  12:08  Ultralisk x2  
  190  12:11  Spore Crawler  
  195  12:19  Zergling x12  
  198  12:27  Zerg Melee Weapons Level 2, Zerg Flyer Weapons Level 1, Zerg Flyer Armor Level 1  
  195  12:33  Drone x2  
  185  12:51  Drone  
  185  12:52  Drone x3  
  185  12:53  Drone x10  
  185  12:54  Extractor, Drone  
  185  12:56  Extractor  
  185  12:57  Spore Crawler  
  196  12:58  Spore Crawler  
  196  13:00  Spore Crawler x3, Overseer x4  
  196  13:01  Spore Crawler  
  196  13:02  Overseer  
  191  13:07  Baneling  
  191  13:17  Spore Crawler  
  191  13:18  Spore Crawler x2, Pathogen Glands  
  191  13:19  Spore Crawler x2  
  186  13:20  Spore Crawler  
  186  13:24  Drone x3  
  188  13:34  Drone x2  
  190  13:35  Spore Crawler  
  190  13:37  Spore Crawler, Zerg Ground Armor Level 2  
  188  13:44  Infestor x5  
  198  13:50  Drone x2  
  199  14:07  Drone  
  200  14:14  Overseer  
  200  14:24  Hatchery  
  199  14:29  Zerg Flyer Weapons Level 2, Zerg Flyer Armor Level 2  
  198  14:36  Spore Crawler  
  197  14:39  Spore Crawler  
  197  14:40  Spore Crawler  
  197  14:41  Spore Crawler  
  197  14:42  Spore Crawler x2  
  197  14:43  Spore Crawler x2, Infestor  
  197  14:44  Spore Crawler, Infestor x4  
  191  14:53  Overlord  
  191  14:55  Overlord x3  
  191  14:59  Overlord x2  
  187  15:12  Spore Crawler, Hatchery  
  187  15:13  Overlord  
  187  15:14  Spore Crawler x2  
  183  15:15  Spore Crawler  
  183  15:18  Spore Crawler, Overseer  
  182  15:21  Zergling x18  
  182  15:22  Zergling x16  
  182  15:24  Drone  
  199  15:42  Overlord  
  175  15:59  Corruptor x8  
  173  16:08  Overseer x2  
  173  16:09  Overseer x4  
  173  16:21  Corruptor  
  173  16:22  Corruptor x3  
  153  16:34  Overlord x3  
  153  16:38  Overlord x2  
  153  16:47  Overlord x2  
  152  16:56  Zerg Melee Weapons Level 3, Zerg Ground Armor Level 3  
  149  17:04  Infestor x5  
  159  17:12  Overseer  
  159  17:13  Overseer x3  
  159  17:14  Overseer  
  159  17:15  Overseer  
  159  17:26  Overseer  
  159  17:32  Infestor  
  159  17:33  Infestor x2  
  165  17:41  Spore Crawler x3  
  165  17:42  Spore Crawler  
  165  17:43  Spore Crawler  
  157  17:44  Spore Crawler, Viper x2  
  157  17:45  Viper  
  165  17:54  Zergling x18  
  165  17:55  Zergling x2  
  175  18:03  Spore Crawler x2  
  173  18:15  Corruptor x5  
  181  18:30  Spore Crawler  
  180  18:35  Corruptor x5  
  189  18:50  Drone  
  189  18:51  Drone x4  
  189  18:53  Extractor x2  
  192  18:57  Greater Spire, Zerg Flyer Weapons Level 3  
  192  19:00  Spore Crawler x2  
  192  19:01  Spore Crawler x3  
  187  19:13  Spore Crawler  
  187  19:14  Drone x5  
  187  19:15  Spore Crawler x3  
  188  19:20  Infestor x3  
  194  19:30  Overseer  
  184  19:45  Drone x2  
  184  19:46  Drone x3  
  184  19:48  Ultralisk x2  
  200  19:59  Overseer  
  200  20:10  Zergling x2  
  200  20:27  Spine Crawler  
  200  20:28  Zerg Flyer Armor Level 3  
  198  20:30  Drone  
  198  20:32  Overseer x3  
  199  20:35  Spore Crawler  
  199  20:36  Spore Crawler x2  
  199  20:37  Spore Crawler  
  199  20:39  Zergling x2  
  199  20:40  Zergling x6  
  199  20:49  Hatchery  
  198  20:52  Baneling x4  
  192  21:21  Zergling x8  
  196  21:34  Zergling x6  
  199  21:57  Spine Crawler x2, Spore Crawler  
  199  21:58  Spine Crawler  
  199  21:59  Spine Crawler  
  190  22:01  Spore Crawler  
  190  22:02  Spore Crawler x2  
  195  22:22  Ultralisk  
  195  22:23  Ultralisk  
  195  22:27  Drone  
  198  22:58  Ultralisk x2  
  198  23:05  Drone  
  195  23:08  Drone  
  196  23:15  Overlord x2  
  196  23:18  Overlord  
  189  23:27  Overlord  
  189  23:33  Extractor, Hatchery  
  189  23:34  Extractor, Spore Crawler  
  186  23:35  Spore Crawler  
  186  23:36  Ultralisk x2  
  194  23:42  Zergling x12  
  198  23:52  Baneling  
  198  23:53  Baneling x12  
  190  23:56  Ultralisk  
  190  23:57  Zergling x8  
  200  24:16  Spine Crawler  
  200  24:17  Spine Crawler  
  171  24:55  Brood Lord x4  
  171  24:57  Brood Lord x4  
  171  24:59  Zergling x24  
  198  26:08  Zergling x8  
  188  26:38  Ultralisk  
  188  26:39  Ultralisk x3  
  164  26:40  Zergling x16  
  159  26:47  Zergling x12  
  159  26:48  Zergling x22  
  159  26:50  Zergling x2  
  171  27:05  Zergling x18  
  171  27:06  Zergling x4  
  182  27:11  Zergling x4  
  182  27:12  Overlord  
  176  27:16  Overlord  
  171  27:28  Zergling x2  
  171  27:29  Zergling x18  
  174  27:30  Drone  
Tags
 
Add a new tag
Caveats
  • Supply blocks, unpowered buildings, or Contaminate may cause inaccurate times.
  • Supply counts are checked every 10 seconds.